Map: Invader LE

Players

Holyt

  • Race: Zerg Zerg
  • League: Gold

capac - Winner!

  • Race: Terran Terran
  • League: Gold

VOD

Have the link to the VOD?

Description

Time

  • Played on: April 14, 2016, 11:34 a.m.
  • Length: 13:36
Show
View Real Time Build Order
Export as new Build Order

Holyt Zerg 

Build Orders: Hatch First 

Get SALT Encoding   

  12  0:01  Drone  
  13  0:13  Overlord  
  13  0:17  Drone  
  14  0:33  Drone x2  
  16  0:36  Drone  
  17  0:53  Hatchery  
  17  0:56  Drone  
  17  1:00  Drone  
  18  1:05  Extractor  
  17  1:16  Spawning Pool  
  16  1:22  Drone x2  
  18  1:30  Drone  
  19  1:41  Drone  
  20  1:51  Overlord  
  20  2:03  Queen  
  20  2:05  Queen  
  20  2:07  Metabolic Boost  
  24  2:11  Zergling x2  
  24  2:14  Zergling x2  
  26  2:19  Drone  
  26  2:20  Drone  
  28  2:25  Drone  
  29  2:36  Drone x2  
  31  2:47  Drone x2  
  31  2:48  Overlord  
  33  2:55  Drone  
  33  2:58  Queen  
  34  3:05  Overlord  
  36  3:09  Drone  
  36  3:11  Drone  
  38  3:14  Drone x3  
  41  3:59  Drone  
  41  4:00  Drone  
  43  4:05  Roach Warren  
  43  4:06  Extractor  
  43  4:08  Extractor  
  40  4:20  Extractor  
  40  4:21  Hatchery, Drone  
  39  4:25  Drone x3  
  39  4:26  Evolution Chamber, Drone  
  43  4:31  Drone x4  
  43  4:32  Drone  
  47  4:46  Drone x2  
  49  4:57  Roach  
  49  4:59  Overlord x3  
  51  5:00  Overlord  
  51  5:04  Zerg Missile Weapons Level 1  
  51  5:06  Lair  
  50  5:30  Roach x2  
  50  5:31  Roach x5  
  64  5:36  Drone  
  65  5:49  Roach x4  
  75  5:50  Roach x4  
  81  6:00  Overlord  
  81  6:01  Overlord x2  
  81  6:02  Overlord  
  81  6:09  Glial Reconstitution  
  81  6:12  Overlord  
  81  6:14  Drone  
  82  6:19  Roach x3  
  88  6:33  Roach x5  
  98  6:40  Roach x2  
  98  6:46  Drone  
  103  6:49  Roach x3  
  109  7:02  Roach x5  
  109  7:03  Roach x5  
  109  7:05  Overlord x3  
  109  7:06  Overlord  
  110  7:29  Ravager  
  114  7:30  Ravager x5  
  114  7:33  Ravager x5  
  119  8:01  Roach x2  
  119  8:02  Roach x7  
  119  8:03  Roach x3  
  136  8:12  Drone  
  136  8:13  Drone x3  
  139  8:21  Drone x3  
  142  8:32  Drone x3  
  144  8:40  Ravager  
  144  8:41  Ravager  
  144  8:42  Ravager  
  87  9:03  Roach x2  
  87  9:04  Roach x5  
  83  9:18  Spore Crawler  
  55  9:54  Zergling x8  
  55  9:55  Zergling x4  
  49  10:10  Queen  
  34  10:25  Drone  
  34  10:26  Drone x2  
  37  10:32  Hatchery  
  37  10:34  Hatchery  
  32  11:02  Queen  
  34  11:06  Drone x2  
  34  11:07  Drone x5  
  34  11:08  Drone  
  42  11:18  Drone x2  
  45  11:40  Drone x5  
  45  11:44  Drone x2  
  51  12:02  Spire  
  51  12:07  Queen  
  52  12:16  Roach x4  
  52  12:18  Drone  
  61  12:23  Drone x3  
  64  12:44  Roach x7  
  69  12:45  Roach  
  76  12:56  Zergling x2  
  76  12:57  Zergling x12  
Show
View Real Time Build Order
Export as new Build Order

capac Terran - Winner!

Build Orders: Reaper Expand, MMM Bio 

Get SALT Encoding   

  12  0:06  SCV  
  13  0:19  SCV  
  14  0:24  Supply Depot  
  14  0:31  SCV  
  15  0:46  Barracks, SCV  
  15  0:49  Refinery  
  16  0:58  SCV  
  17  1:10  SCV  
  18  1:22  SCV  
  19  1:34  Orbital Command  
  19  1:36  Reaper  
  20  1:44  Command Center  
  20  1:50  Supply Depot  
  20  2:06  SCV  
  21  2:16  Barracks Reactor  
  21  2:18  Barracks  
  21  2:21  SCV  
  22  2:26  Refinery  
  22  2:30  Factory  
  22  2:34  SCV  
  23  2:45  Engineering Bay  
  23  2:48  SCV  
  24  2:54  Marine x2  
  26  2:59  Orbital Command  
  26  3:04  Bunker  
  26  3:07  Barracks Tech Lab  
  26  3:11  SCV  
  27  3:14  Marine x2  
  27  3:18  Factory Tech Lab  
  29  3:25  SCV  
  30  3:38  Marine, Siege Tank  
  30  3:39  Marine x2  
  33  3:56  Marine x2  
  33  3:57  Marine, SCV x2  
  33  4:00  Stimpack  
  38  4:11  Missile Turret  
  38  4:12  SCV x2  
  40  4:22  Starport  
  40  4:24  SCV  
  41  4:29  Supply Depot  
  41  4:33  SCV  
  41  4:34  Marine  
  41  4:35  Marine  
  41  4:36  SCV  
  45  4:48  Marine  
  45  4:51  SCV x2  
  45  4:52  Marine x2  
  48  4:55  Supply Depot  
  50  5:02  Refinery  
  50  5:03  Starport Reactor, SCV x2  
  50  5:04  Refinery  
  52  5:07  Marine  
  53  5:17  Siege Tank  
  56  5:24  SCV x2  
  56  5:25  Marine x2, Missile Turret  
  56  5:26  Marine  
  61  5:31  Terran Infantry Weapons Level 1  
  61  5:32  Barracks  
  61  5:38  SCV  
  62  5:54  Supply Depot  
  62  5:58  SCV, Medivac x2  
  67  6:07  SCV, Combat Shields  
  67  6:10  Marine x2  
  70  6:15  Marine  
  70  6:16  SCV  
  70  6:17  Supply Depot  
  72  6:18  Supply Depot  
  72  6:19  SCV  
  72  6:25  Barracks Reactor  
  73  6:28  SCV, Medivac x2  
  78  6:39  SCV  
  79  6:41  Liberator x2  
  79  6:44  Marine x3  
  79  6:46  Siege Tank  
  85  6:49  SCV  
  85  6:51  SCV  
  85  6:53  Supply Depot  
  87  7:01  SCV  
  94  7:14  SCV x2  
  96  7:26  SCV  
  96  7:33  Marine x2  
  96  7:34  Marine x3  
  101  7:37  Liberator  
  101  7:52  Siege Tank  
  100  8:00  Marine x2  
  102  8:07  Barracks  
  102  8:10  Barracks  
  102  8:23  Command Center  
  102  8:31  Supply Depot  
  102  8:35  Supply Depot, Liberator  
  102  8:50  Marine x2  
  102  8:51  SCV  
  102  8:52  Siege Tank, SCV  
  100  9:05  Marine  
  100  9:06  Marine x2  
  100  9:08  Marine x2  
  84  9:27  Marine x2  
  84  9:29  Marine x2  
  77  9:31  Siege Tank  
  65  9:46  Marine x4  
  65  9:47  Marine  
  65  9:49  Liberator x2  
  65  10:04  Marine x4  
  65  10:05  Marine  
  73  10:22  Marine  
  74  10:31  Supply Depot, Liberator  
  77  10:54  Barracks Reactor  
  77  10:55  Barracks Reactor  
  77  11:03  SCV x2  
  79  11:05  Orbital Command  
  79  11:08  Marine x2  
  79  11:09  Marine x3, Liberator  
  84  11:15  SCV  
  85  11:26  Marine x3  
  85  11:27  Marine x2  
  85  11:31  Marine x3  
  85  11:32  Marine  
  97  11:34  Starport  
  97  11:44  Marine x2  
  97  11:45  Orbital Command  
  99  11:56  Marine x2  
  101  12:09  Supply Depot  
  101  12:10  Supply Depot  
  101  12:20  Starport Reactor  
  101  12:22  Supply Depot  
  101  12:30  Marine x6  
  101  12:31  SCV x2  
  101  12:32  SCV, Medivac x2  
  114  12:43  SCV x2  
  116  12:49  Marauder  
Tags
 
Add a new tag
Caveats
  • Supply blocks, unpowered buildings, or Contaminate may cause inaccurate times.
  • Supply counts are checked every 10 seconds.